 Dungeon Crawl Stone Soup version 0.27-a0-1196-g3e9cee4 (webtiles) character file.

Game seed: 12952604034148235416

81 Meow the Stinger (level 4, 36/36 HPs)
             Began as a Naga Venom Mage on May 29, 2021.
             Quit the game on level 2 of the Dungeon.
             The game lasted 00:05:22 (1452 turns).

Meow the Stinger (Naga Venom Mage)                  Turns: 1452, Time: 00:05:23

Health: 36/36      AC:  2    Str: 11    XL:     4   Next: 40%
Magic:  0/8        EV:  9    Int: 16    God:
Gold:   51         SH:  0    Dex: 11    Spells: 2/9 levels left

rFire    . . .     SeeInvis +   a - +4 short sword (freeze)
rCold    . . .     Faith    .   (no shield)
rNeg     . . .     Spirit   .   b - +0 robe
rPois    +         Reflect  .   (no helmet)
rElec    .         Harm     .   (no cloak)
rCorr    .         Rampage  .   (no gloves)
Will     .....                  (no barding)
Stlth    ++........             (no amulet)
HPRegen  0.12/turn              (no ring)
MPRegen  0.11/turn              (no ring)

@: short of breath, very slightly contaminated, very slow
A: AC +1, large, see invisible, deformed body, poison resistance, slowness 2,
spit poison 1, naga tail 1
a: Spit Poison


You were on level 2 of the Dungeon.
You visited 1 branch of the dungeon, and saw 2 of its levels.

You collected 51 gold pieces.

Inventory:

Hand Weapons
 a - a +4 short sword of freezing (weapon)
Missiles
 e - 30 stones (quivered)
 i - 28 arrows
 j - a poisoned dart
Armour
 b - a +0 robe (worn)
Jewellery
 n - a ring of poison resistance
 o - an amulet of magic regeneration
Scrolls
 f - a scroll of vulnerability {unknown}
 g - a scroll of fear
 h - a scroll of teleportation {unknown}
 l - a scroll of blinking {unknown}
 m - a scroll of noise {unknown}
 p - a scroll of enchant weapon {unknown}
Potions
 c - a potion of invisibility
 d - a potion of might {unknown}
 k - a potion of curing {unknown}


   Skills:
 - Level 1.5 Dodging
 - Level 3.0 Stealth
 + Level 3.2 Spellcasting
 + Level 2.5 Conjurations
 - Level 1.0 Transmutations
 - Level 4.0 Poison Magic


You had 2 spell levels left.
You knew the following spells:

 Your Spells              Type           Power      Damage    Failure   Level
a - Sting                 Tmut/Pois      40%        1d5       6%          1
c - Mephitic Cloud        Conj/Pois/Air  9%         N/A       22%         3
C - Ignite Poison         Fire/Tmut/Pois 7%         N/A       28%         3

Your spell library contained the following spells:

 Spells                   Type           Power      Damage    Failure   Level
 Poisonous Vapours        Pois/Air       18%        N/A       12%         2
 Olgreb's Toxic Radiance  Pois           15%        N/A       34%         4


Dungeon Overview and Level Annotations

Branches:
Dungeon (2/15)

Altars:

Shops:
D:2 [


Innate Abilities, Weirdness & Mutations

Your serpentine skin is tough. (AC +1)
You have supernaturally acute eyesight. (SInv)
Armour fits poorly on your strangely shaped body.
Your system is resistant to poisons. (rPois)
You cover ground very slowly.
You can spit poison.
You have a snake-like lower body.


Message History

Found a hunting sling.
Press: ? - help, Shift-Dir - straight line, f - Natasha
Aim: Natasha The splash of poison hits Natasha!
Natasha is poisoned.
Natasha is heavily wounded.
Casting: Sting (safe; 7% risk of failure)
Confirm with . or Enter, or press ? or * to list all spells.
The spell is quite dangerous to cast (24% risk of failure)!
Continue anyway?
Aiming: Mephitic Cloud (quite dangerous; 24% risk of failure)
Press: ? - help, Shift-Dir - straight line, f/p - Natasha
Aim: Natasha (heavily wounded, poisoned, chance to affect: 86%)
You miscast Mephitic Cloud.
You are very lightly contaminated with residual magic.
Nothing appears to happen.
Unknown command.
Casting: Mephitic Cloud (quite dangerous; 24% risk of failure)
Confirm with . or Enter, or press ? or * to list all spells.
The spell is quite dangerous to cast (24% risk of failure)!
Continue anyway?
Aiming: Mephitic Cloud (quite dangerous; 24% risk of failure)
Press: ? - help, Shift-Dir - straight line, f/p - Natasha
Aim: Natasha (heavily wounded, poisoned, chance to affect: 86%)
The ball explodes into a vile cloud!
The stinking cloud engulfs Natasha but does no damage.
Natasha is heavily wounded.
Natasha is engulfed in noxious fumes.
Natasha appears confused.
Casting: Mephitic Cloud (quite dangerous; 24% risk of failure)
Confirm with . or Enter, or press ? or * to list all spells.
Aiming: Sting (safe; 7% risk of failure)
Press: ? - help, Shift-Dir - straight line, f/p - Natasha
Aim: Natasha (noxious fumes, severely wounded, confused, poisoned, 86% to hit)
The sting hits Natasha.
Natasha looks even sicker.
Natasha is severely wounded.
Natasha is engulfed in noxious fumes.
Unknown command.
Natasha is engulfed in noxious fumes.
Natasha appears confused.
You kill Natasha!
Natasha screams in fury as she dies!
You have reached level 4!
You feel stronger.
Are you sure you want to abandon this character and quit the game? (Confirm with "yes".)

#.#####.#####.##.### #..#
#.# #.# #......# #..# #.#
#.#####..#...####... #.#
#..........#.......# #.#
#######..#...#####.# #.#
#......# #.# #.#
#.##.#######.#
.###########.##.<........
)...°°..@....#########.##
############## #... ####
#


There were no monsters in sight!

Vanquished Creatures
  Natasha (D:2)
  An adder (D:2)
  A worm (D:2)
  3 dart slugs (D:1)
  2 ball pythons
  3 bats
  2 giant cockroaches
  3 goblins
  6 hobgoblins
  2 jackals (D:1)
  3 kobolds
  2 quokkas
  3 frilled lizards
  3 rats (D:2)
35 creatures vanquished.

Vanquished Creatures (others)
  An adder (D:2)
  A ball python (D:2)
  A hobgoblin (D:2)
  A quokka (D:2)
  A plant (D:1)
5 creatures vanquished.

Grand Total: 40 creatures vanquished

Notes
Turn   | Place    | Note
-------+----------+-------------------------------------------
     0 | D:1      | Meow the Naga Venom Mage began the quest for the Orb.
     0 | D:1      | Reached XP level 1. HP: 15/15 MP: 3/3
   113 | D:1      | Reached skill level 1 in Conjurations
   113 | D:1      | Reached XP level 2. HP: 22/22 MP: 5/5
   265 | D:1      | Found a faded altar of an unknown god.
   643 | D:1      | Reached XP level 3. HP: 28/28 MP: 6/6
   647 | D:1      | Learned a level 3 spell: Mephitic Cloud
   651 | D:1      | Learned a level 3 spell: Ignite Poison
   987 | D:2      | Found Cuipeas's Antique Armour Boutique.
  1445 | D:2      | Noticed Natasha
  1451 | D:2      | Killed Natasha
  1452 | D:2      | Reached XP level 4. HP: 36/36 MP: 0/8
  1452 | D:2      | Quit the game

Illustrated notes

Levels and vault maps discovered:
D:1:      psy_arrival_fountain, layout_basic,
          shapermc_ecumenical_altar_totnotflames
D:2:      layout_loops_ring, serial_shops, shop_statue, kennysheep_another_room,
          lemuel_old_faithful, uniq_natasha

Skill      XL: |  1  2  3 |
---------------+----------+-----
Conjurations   | 1 2 |  2.5
Spellcasting   | 3 |  3.2
Dodging        | |  1.5
Stealth        | |  3.0
Transmutations | |  1.0
Poison Magic   | |  4.0

Action                   |  1- 3 |  4- 6 || total
-------------------------+-------+-------++-------
Melee: Short sword       |     5 |       ||     5
Throw: Stone             |     4 |       ||     4
 Cast: Sting             |    31 |       ||    31
       Mephitic Cloud    |     1 |       ||     1
 Abil: Spit Poison       |    36 |       ||    36
  Use: Scroll            |     1 |       ||     1
       Potion            |     1 |       ||     1
Armor: Robe              |     6 |       ||     6
Dodge: Dodged            |    14 |       ||    14

Table legend: (Time is in decaauts)
 A = Elapsed time spent in this place.
 B = Non-inter-level travel time spent in this place.
 C = Inter-level travel time spent in this place.
 D = Time resting spent in this place.
 E = Time spent auto-exploring this place.
 F = Levels seen in this place.
 G = Mean time per level.
                   A        B        C        D        E       F      G
               +--------+--------+--------+--------+--------+-----+--------+
         Total |   1871 |   1859 |     12 |    262 |   1205 |   2 |  935.5 |
       Dungeon |   1871 |   1859 |     12 |    262 |   1205 |   2 |  935.5 |
               +--------+--------+--------+--------+--------+-----+--------+

Top non-repeatable levels by time:
     D:1: 945 daAuts
     D:2: 926 daAuts
